 Dungeon Crawl Stone Soup version 0.24-a0-307-gf989941 (webtiles) character file.

Game seed: 5738878291618259357

15 mhoghedin the Insei (level 2, 0/22 HPs)
             Began as a Demigod Transmuter on May 13, 2019.
             Slain by an adder (5 damage)
             ... on level 2 of the Dungeon.
             The game lasted 00:02:16 (1117 turns).

mhoghedin the Insei (Demigod Transmuter)            Turns: 1117, Time: 00:02:17

Health: 0/22       AC:  2    Str: 13    XL:     2   Next: 21%
Magic:  5/7        EV: 11    Int: 19    God:
Gold:   50         SH:  3    Dex: 16    Spells: 2/5 levels left

rFire    . . .     SeeInvis .   h - +0 short sword
rCold    . . .     Gourm    .   i - +0 buckler
rNeg     . . .     Faith    .   b - +0 robe
rPois    .         Spirit   .   (no helmet)
rElec    .         Reflect  .   (no cloak)
rCorr    .         Harm     .   (no gloves)
MR       .....     Rnd*Tele +   (no boots)
Stlth    +.........             (no amulet)
HPRegen  0.07/turn              c - +2 ring of intelligence
MPRegen  0.10/turn              f - ring of teleportation (curse) {+/*tele, !d}

@: lethally poisoned (0 -> -3), appendage (expiring)
A: horns 2, high mp 1
a: End Transformation


You were on level 2 of the Dungeon.
You were not hungry.
You had grown temporary horns.
You visited 1 branch of the dungeon, and saw 2 of its levels.

You collected 50 gold pieces.

Inventory:

Hand Weapons
 h - a +0 short sword (weapon)
   (You took it off a kobold on level 1 of the Dungeon)
Missiles
 a - 11 arrows
Armour
 b - a +0 robe (worn)
 i - a +0 buckler (worn)
   (You found it on level 1 of the Dungeon)
Jewellery
 c - a +2 ring of intelligence (left hand)
   (You found it on level 1 of the Dungeon)
 e - an uncursed ring of resist corrosion
   (You found it on level 1 of the Dungeon)
 f - a cursed ring of teleportation (right hand) {+/*tele, !d}
   (You found it on level 1 of the Dungeon)
Scrolls
 g - a scroll of remove curse {unknown}
 j - a scroll of identify
 k - a scroll of teleportation {unknown}
 l - a scroll of magic mapping {unknown}
Comestibles
 d - 3 rations


   Skills:
 - Level 0.8 Fighting
 - Level 1.7 Dodging
 - Level 2.6 Unarmed Combat
 - Level 2.0 Spellcasting
 + Level 2.5 Transmutations


You had 2 spell levels left.
You knew the following spells:

 Your Spells              Type           Power        Failure   Level  Hunger
a - Beastly Appendage     Tmut           ##....       10%         1    #......
s - Sticks to Snakes      Tmut           ##......     16%         2    ###....

Your spell library contained the following spells:

 Spells                   Type           Power        Failure   Level  Hunger
 Spider Form              Tmut/Pois      #.........   45%         3    ###....
 Ice Form                 Ice/Tmut       #.......     86%         4    #####..
 Blade Hands              Tmut           ##........   95%         5    ######.


Dungeon Overview and Level Annotations

Branches:
Dungeon (2/15)


Innate Abilities, Weirdness & Mutations

You have an increased reservoir of magic. (+10% MP)
You have a pair of horns on your head.


Message History

g - a scroll labeled UPAMUE CAPTAS
j - a scroll of identify You see here a whip.
You see here a whip.
You see here a bat corpse.
You see here a dagger.
k - a scroll labeled XAHY XUMYCAJALUI Health restored: 22 A frilled lizard comes into view.
A frilled lizard is nearby!
You miscast Beastly Appendage.
You are very lightly contaminated with residual magic.
Your hands glow momentarily.
You now have 6/7 mp.
You miscast Beastly Appendage.
Strange energies run through your body.
The frilled lizard hisses angrily.
You now have 5/7 mp.
You closely miss the frilled lizard. The frilled lizard closely misses you.
You miss the frilled lizard. The frilled lizard bites you.
You take 2 damage, and have 20/22 hp.
You hit the frilled lizard.
You kill the frilled lizard!
No target in view!
Unknown command.
Your magical contamination has completely faded away.
Health restored: 22; MP restored: 7 You enter the shallow water.
Moving in this stuff is going to be slow.
You enter the shallow water.
Moving in this stuff is going to be slow.
You now have 41 gold pieces (gained 11).
You are feeling hungry.
l - a scroll labeled UTURYOW YNLI A rat comes into view.
A rat is nearby!
You grow a pair of large bovine horns.
You now have 6/7 mp.
No target in view!
No target in view!
The rat is too close now for your liking.
You see here 9 gold pieces.
You hit the rat. You headbutt the rat.
You kill the rat!
No target in view!
Your transformation is almost over.
You now have 50 gold pieces (gained 9).
You see here a rat corpse.
A kobold comes into view. It is wielding a +0 whip.
MP restored: 7 A kobold is nearby!
The kobold shouts!
You extend your transformation's duration.
You now have 6/7 mp.
You hit the kobold.
You kill the kobold!
No target in view!
You see here a +0 whip.
Done exploring.
Done exploring.
No target in view!
No target in view!
Done exploring.
You eat one of the 4 rations.
That ration really hit the spot!
(D) Dungeon
Where to? (? - help)
Your transformation is almost over.
There is a stone staircase leading down, spattered with blood here.
You climb downwards.
There is a stone staircase leading up here.
MP restored: 7 Your horns disappear.
Found a faded altar of an unknown god.
An adder comes into view.
You grow a pair of large bovine horns.
You now have 6/7 mp.
The adder hisses angrily.
Your transformation is almost over.
You hit the adder. The adder bites you.
You are poisoned.
The adder poisons you! The adder bites you.
You take 4 damage, and have 18/22 hp.
You hit the adder but do no damage.
You feel sick. The adder closely misses you.
You take 1 damage, and have 17/22 hp.
You miss the adder. The adder bites you. The adder closely misses you.
You take 2 damage, and have 15/22 hp.
You closely miss the adder.
You feel sick. The adder bites you.
You take 5 damage, and have 10/22 hp.
MASSIVE DAMAGE!!
You create a snake!
You now have 11 arrows.
The adder barely misses you.
You now have 5/7 mp.
You swap places.
The adder bites you.
* * * LOW HITPOINT WARNING * * *
Your adder bites the adder.
The adder is poisoned.
Your adder poisons the adder!
The adder closely misses your adder.
You take 5 damage, and have 5/22 hp.
MASSIVE DAMAGE!!
You closely miss the adder. Your adder misses the adder. The adder bites you.
You die...

#..# ..#..
#....#####.#_#
#..<.#...#
####.#...
#.#.# # #...#
####.######.##
......SS###.#
.....##@....#
### #######


You could see an adder and a friendly adder.

Vanquished Creatures
  A hobgoblin (D:1)
  5 kobolds (D:1)
  2 bats (D:1)
  5 frilled lizards (D:1)
  A goblin (D:1)
  3 rats (D:1)
17 creatures vanquished.

Notes
Turn   | Place    | Note
-------+----------+-------------------------------------------
     0 | D:1      | mhoghedin the Demigod Transmuter began the quest for the
                  | Orb.
     0 | D:1      | Reached XP level 1. HP: 15/15 MP: 5/5
   201 | D:1      | Reached skill level 2 in Transmutations
   234 | D:1      | Reached skill level 2 in Spellcasting
   277 | D:1      | HP: 2/15 [hobgoblin/+0 club (3)]
   282 | D:1      | HP: 1/15 [hobgoblin/+0 club (2)]
   588 | D:1      | Reached XP level 2. HP: 22/22 MP: 5/7
   773 | D:1      | Learned a level 2 spell: Sticks to Snakes
  1102 | D:2      | Found a faded altar of an unknown god.
  1116 | D:2      | HP: 5/22 [adder (5)]
  1117 | D:2      | Slain by an adder

Levels and vault maps discovered:
D:1:      lemuel_arrival_muddy, layout_basic
D:2:      layout_loops_ring, chequers_ecumenical_altar_simple,
          lightli_corner_chamber, uniq_sigmund

Skill      XL: |  1 |
---------------+----+-----
Transmutations | 2 |  2.5
Spellcasting   | 2 |  2.0
Fighting       | |  0.8
Dodging        | |  1.7
Unarmed Combat | |  2.6

Action                   || total
-------------------------++-------
Melee: Unarmed           ||    28
       Short sword       ||    18
       Headbutt          ||     2
       Kick              ||     1
 Cast: Beastly Appendage ||    12
       Sticks to Snakes  ||     1
  Use: Scroll            ||     1
       Potion            ||     1
 Stab: Sleeping          ||     3
  Eat: Ration            ||     1
Armor: Robe              ||     1
Dodge: Dodged            ||    17
Block: Buckler           ||     4

Table legend:
 A = Non-vault XP
 B = Vault XP
 C = Vault XP percentage of total XP
 D = Non-vault monster count
 E = Vault monster count
 F = Vault count percentage of total count
                 A         B        C        D         E       F
            +---------+---------+-------+---------+---------+-------
      Total |      22 |       0 |   0.0 |      17 |       0 |   0.0
            +---------+---------+-------+---------+---------+-------
        D:1 |      22 |       0 |   0.0 |      17 |       0 |   0.0
            +---------+---------+-------+---------+---------+-------

Levels and vault maps discovered:
D:1:      lemuel_arrival_muddy, layout_basic
D:2:      layout_loops_ring, chequers_ecumenical_altar_simple,
          lightli_corner_chamber, uniq_sigmund

Table legend:
 A = Turns spent in this place as a percentage of turns spent in the entire game.
 B = Non-inter-level travel turns spent in this place as a percentage of non-inter-level travel turns spent in the entire game.
 C = Inter-level travel turns spent in this place as a percentage of turns spent in this place.
 D = Turns resting spent in this place as a percentage of non-inter-level travel turns spent in this place.
 E = Turns spent auto-exploring this place as a percentage of non-inter-level travel turns spent in this place.
 F = Non-inter-level travel turns spent in this place divided by the number of levels of this place that you've seen.
                   A       B       C       D       E      F
               +-------+-------+-------+-------+-------+----------------------
         Total | 100.0 | 100.0 |   1.3 |  24.1 |  60.3 | 551.0
       Dungeon | 100.0 | 100.0 |   1.3 |  24.1 |  60.3 | 551.0
               +-------+-------+-------+-------+-------+----------------------

Table legend:
 A = Kills in this place as a percentage of kills in entire the game.
 B = Kills by you in this place as a percentage of kills by you in the entire game.
 C = Kills by friends in this place as a percentage of kills by friends in the entire game.
 D = Other kills in this place as a percentage of other kills in the entire game.
 E = Experience gained in this place as a percentage of experience gained in the entire game.
 F = Experience gained in this place divided by the number of levels of this place that you have seen.
                   A       B       C       D       E      F
               +-------+-------+-------+-------+-------+----------------------
         Total | 100.0 | 100.0 |   N/A |   N/A | 100.0 |  11.0
       Dungeon | 100.0 | 100.0 |   N/A |   N/A | 100.0 |  11.0
               +-------+-------+-------+-------+-------+----------------------
